 Dungeon Crawl Stone Soup version 0.31-a0-177-g4aa6249778 (webtiles) character file.

Game seed: 5826658416190845638

803 qw the Chopper (level 7, 0/44 HPs)
             Began as a Gargoyle Fighter on June 18, 2023.
             Slain by a wight
             ... wielding a +4 great sword
              (6 damage)
             ... on level 6 of the Dungeon.
             The game lasted 00:01:39 (3737 turns).

qw the Chopper (Gargoyle Fighter)                   Turns: 3737, Time: 00:01:39

Health: 0/44       AC: 16    Str: 21    XL:     7   Next: 91%
Magic:  7/7        EV:  8    Int:  9    God:
Gold:   126        SH:  4    Dex:  9    Spells: 6/6 levels left

rFire   . . .        Y - +0 war axe
rCold   . . .        c - +0 buckler
rNeg    + . .        r - +0 chain mail
rPois   inf          s - +0 helmet
rElec   +            a - +0 cloak
rCorr   .            (no gloves)
SInv    +            (no boots)
Will    .....        f - amulet of regeneration Stlth
                     u - ring of see invisible
HPRegen 1.07/turn    (no ring)
MPRegen 0.10/turn

%: no passive effects
@: no status effects
A: sickness immunity, AC +4, negative energy resistance 1, electricity
resistance, torment resistance 1, petrification resistance
a: no special abilities


You were on level 6 of the Dungeon.
You visited 1 branch of the dungeon, and saw 6 of its levels.

You collected 261 gold pieces.
You spent 135 gold pieces at shops.


Innate Abilities, Weirdness & Mutations

You are immune to sickness and miasma.
Your stone body is resilient. (AC +4)
You are immune to poison.
You resist negative energy. (rN+)
You are resistant to electric shocks. (rElec)
You are resistant to unholy torment.
You are immune to petrification.


   Skills:
 - Level 5.2 Fighting
 - Level 7.1 Axes
 + Level 0.0 Throwing
 - Level 3.2 Armour
 - Level 1.0 Dodging
 - Level 3.2 Shields


You had 6 spell levels left.
You didn't know any spells.
Your spell library was empty.

Inventory:

Hand Weapons
 l - a +0 mace
 Y - a +0 war axe (weapon)
Missiles
 j - 5 boomerangs (quivered)
Armour
 a - a +0 cloak (worn)
 c - a +0 buckler (worn)
 r - a +0 chain mail (worn)
 s - a +0 helmet (worn)
Jewellery
 b - a ring of ice
 f - an amulet of regeneration (around neck)
 u - a ring of see invisible (left hand)
Scrolls
 i - 3 scrolls of teleportation
 t - 3 scrolls of immolation {unknown}
Potions
 d - 2 potions of might
 e - a potion of mutation {unknown}
 g - a potion of curing
 h - a potion of lignification
 k - a potion of ambrosia {unknown}
 m - a potion of haste {unknown}
 n - a potion of attraction {unknown}
 o - a potion of brilliance {unknown}
 p - a potion of invisibility {unknown}
 q - a potion of heal wounds {unknown}

Dungeon Overview and Level Annotations

Branches:
Dungeon (6/15)
 Temple: D:4-7

Altars:
Makhleb
Zin

Shops:
D:3 *   D:5 ((

Annotations:
D:4 2 transporters, qw's ghost, amateur GrHu


Message History

You throw a boomerang.
The boomerang barely misses the wight. x2
The boomerang closely misses the wight.
The wight closely misses you.
You hit the wight.
The wight is severely damaged.
The wight barely misses you.
You closely miss the wight.
The wight is severely damaged.
You hit the wight but do no damage. The wight barely misses you.
The wight hits you with a +5 war axe!
You closely miss the wight.
The wight is severely damaged.
You hit the wight. The wight hits you but does no damage.
You slash the wight!
You destroy the wight!
You closely miss the wight. You hit the wight but do no damage.
You block the wight's attack. The wight hits you but does no damage.
Your Fighting skill increases to level 5!
You closely miss the wight.
The wight is heavily damaged.
You barely miss the wight. The wight hits you but does no damage.
The wight hits you with a +4 great sword!
The wight hits you with a +5 falchion of freezing.
The wight freezes you.
The wight hits you with a +4 great sword.
You hit the wight but do no damage.
The wight is heavily damaged.
You hit the wight.
The wight hits you with a +5 falchion of freezing.
The wight freezes you.
The wight hits you with a +4 great sword.
You barely miss the wight.
The wight is heavily damaged.
You hit the wight.
The wight hits you with a +5 falchion of freezing!
The wight freezes you.
The wight hits you with a +4 great sword.
You die...

#.###########.# #.# #.# #.# #.#
#.## #.# #..# #.# ##.# #.# #.#
#.########## #.# ##.#.zz..$...
#.# #.(..@)...... #.#
#..#..#.##### #.# #..#..#.# .#
#.# #..#..#.# #.# # #.#
#######..#..#.#####.# .# #
##.###................##.##.##.#
.......#####.##..####.##........
##.########...#..# #.##... ..
#...............####.##.##.##.#


You could see 2 wights.

Vanquished Creatures
  A water moccasin (D:5)
  An ice beast (D:6)
  A centaur (D:5)
  A wight (D:6)
  2 howler monkeys (D:5)
  7 iguanas
  Ijyb (D:4)
  2 sleepcaps (D:5)
  Robin (D:4)
  5 adders
  2 dart slugs
  7 orcs
  9 ball pythons
  7 bats
  6 endoplasms
  2 giant cockroaches
  5 goblins
  7 hobgoblins
  8 kobolds
  4 quokkas
  4 frilled lizards
  2 rats (D:1)
85 creatures vanquished.

Vanquished Creatures (others)
  A hobgoblin (D:4)
1 creature vanquished.

Grand Total: 86 creatures vanquished

Notes
Turn   | Place    | Note
-------+----------+-------------------------------------------
     0 | D:1      | qw the Gargoyle Fighter began the quest for the Orb.
     0 | D:1      | Reached XP level 1. HP: 14/14 MP: 1/1
     0 | D:1      | 0 ||| qw: Version: 0.3-a-5-g6f28e65
     0 | D:1      | 0 ||| qw: Game counter: 571
     0 | D:1      | 0 ||| qw: Always use a shield: true
     0 | D:1      | 0 ||| qw: God list: Okawaru
     0 | D:1      | 0 ||| qw: Allow faded altars: false
     0 | D:1      | 0 ||| qw: Do Orc after D:15 true
     0 | D:1      | 0 ||| qw: Do second Lair branch before Depths: true
     0 | D:1      | 0 ||| qw: Lair rune preference: random
     0 | D:1      | 0 ||| qw: Plans: Normal, Zot:1-4, Slime:5, God:TSO, Crypt,
                  | Tomb, Abyss, Pan, Hells, Win
     0 | D:1      | 0 ||| PLANNING D:1-11
    20 | D:1      | 20 ||| Stepping ~*~*~tactically~*~*~ (hiding).
    21 | D:1      | 21 ||| Stepping ~*~*~tactically~*~*~ (hiding).
   133 | D:1      | Reached skill level 2 in Axes
   152 | D:1      | Reached XP level 2. HP: 18/19 MP: 2/2
   451 | D:1      | Reached skill level 3 in Axes
   491 | D:1      | Reached XP level 3. HP: 23/23 MP: 3/3
   518 | D:1      | 518 ||| Stepping ~*~*~tactically~*~*~ (stealth).
   672 | D:1      | 672 ||| READING scroll labelled BAF DUELARR.
   714 | D:2      | 714 ||| Stepping ~*~*~tactically~*~*~ (hiding).
   715 | D:2      | 715 ||| Stepping ~*~*~tactically~*~*~ (hiding).
   716 | D:2      | 716 ||| Stepping ~*~*~tactically~*~*~ (hiding).
  1071 | D:2      | 1071 ||| DROPPING +0 club.
  1372 | D:2      | Found a burning altar of Makhleb.
  1377 | D:2      | 1377 ||| UPGRADING to +0 cloak.
  1382 | D:2      | 1382 ||| UPGRADING to amulet of regeneration.
  1387 | D:2      | 1387 ||| READING scroll labelled PYUM UPPOLEDD.
  1388 | D:2      | 1388 ||| READING scroll labelled MIEFETA PYVE.
  1389 | D:2      | 1389 ||| DRINKING 2 bubbling brown potions.
  1501 | D:3      | 1501 ||| STAIRDANCE
  1505 | D:2      | Reached XP level 4. HP: 28/28 MP: 4/4
  1599 | D:3      | Reached skill level 4 in Axes
  1858 | D:3      | Found Wuucont's Assorted Antiques.
  1864 | D:3      | 1864 ||| BUYING grey potion (20 gold).
  1864 | D:3      | Bought a grey potion for 20 gold pieces
  1864 | D:3      | 1864 ||| BUYING potion of might (92 gold).
  1864 | D:3      | Bought a potion of might for 92 gold pieces
  1864 | D:3      | 1864 ||| BUYING scroll labelled LEPROIQEIW (23 gold).
  1864 | D:3      | Bought a scroll labelled LEPROIQEIW for 23 gold pieces
  1864 | D:3      | 1864 ||| SHOPLISTING scroll of identify (46 gold, have 7).
  2131 | D:3      | 2131 ||| READING 2 scrolls labelled VIROUMOFAX.
  2134 | D:3      | 2134 ||| READING scroll labelled LEPROIQEIW.
  2135 | D:3      | 2135 ||| DRINKING 2 inky potions.
  2233 | D:4      | Reached XP level 5. HP: 28/32 MP: 5/5
  2296 | D:4      | 2296 ||| Stepping ~*~*~tactically~*~*~ (hiding).
  2297 | D:4      | 2297 ||| Stepping ~*~*~tactically~*~*~ (hiding).
  2298 | D:4      | 2298 ||| Stepping ~*~*~tactically~*~*~ (hiding).
  2299 | D:4      | 2299 ||| Stepping ~*~*~tactically~*~*~ (hiding).
  2307 | D:4      | Reached skill level 5 in Axes
  2352 | D:4      | Found a transporter.
  2363 | D:4      | Noticed Ijyb
  2364 | D:4      | Noticed Robin
  2376 | D:4      | Killed Ijyb
  2378 | D:4      | Killed Robin
  2474 | D:4      | Reached skill level 1 in Dodging
  2474 | D:4      | Reached XP level 6. HP: 38/38 MP: 6/6
  2478 | D:4      | Found a transporter.
  2481 | D:4      | Noticed qw's ghost (amateur GrHu)
  2836 | D:4      | 2836 ||| Stepping ~*~*~tactically~*~*~ (stealth).
  2882 | D:4      | 2882 ||| UPGRADING to +0 chain mail.
  2892 | D:4      | 2892 ||| DROPPING +0 scale mail.
  2893 | D:4      | 2893 ||| UPGRADING to +0 helmet.
  2898 | D:4      | 2898 ||| UPGRADING to ring of see invisible.
  2899 | D:4      | 2899 ||| READING scroll labelled UMESTO RIVOWI.
  2900 | D:4      | 2900 ||| READING scroll labelled ZAIZEF GYUR.
  2940 | D:5      | Entered Level 5 of the Dungeon
  2940 | D:5      | Found Cuynnoz's Antique Weapon Shop.
  2946 | D:5      | 2946 ||| STAIRDANCE
  2994 | D:5      | Found Rueled's Weapon Shoppe.
  3056 | D:5      | 3056 ||| SHOPLISTING +16 obsidian axe {drain, demonic, Mesm
                  | Drain Fly SInv} (1138 gold, have 84).
  3114 | D:5      | Reached skill level 6 in Axes
  3216 | D:5      | Noticed a water moccasin
  3227 | D:5      | Killed a water moccasin
  3228 | D:5      | Reached XP level 7. HP: 39/43 MP: 7/7
  3272 | D:5      | Found a glowing silver altar of Zin.
  3275 | D:5      | 3275 ||| Stepping ~*~*~tactically~*~*~ (stealth).
  3369 | D:5      | 3369 ||| Stepping ~*~*~tactically~*~*~ (hiding).
  3376 | D:5      | Reached skill level 7 in Axes
  3698 | D:6      | 3698 ||| Stepping ~*~*~tactically~*~*~ (stealth).
  3737 | D:6      | HP: 10/44 [wight/+5 falchion of freezing (8)]
  3737 | D:6      | Slain by a wight

Levels and vault maps discovered:
D:1:      mrwooster_arrival_statue, layout_basic,
          hangedman_decor_clover_reticule
D:2:      layout_basic, basic_altar
D:3:      layout_loops_cross, serial_shops, shop
D:4:      layout_loops_corners, gammafunk_ghost_arena, nicolae_goblin_pals
D:5:      layout_loops_ring, mainiacjoe_overflow_brackets,
          nicolae_stop_n_shop_1, kennysheep_windowed_goal
D:6:      layout_loops_ring, tgw_sif, lemuel_round_altar, gammafunk_ghost_arena

Skill      XL: |  1  2  3  4  5  6  7 |
---------------+----------------------+-----
Axes           | 2 3 4 5 6 7 |  7.1
Fighting       | 4 5 |  5.2
Dodging        | 1 |  1.0
Armour         | |  3.2
Shields        | |  3.2

Action                     |  1- 3 |  4- 6 |  7- 9 || total
---------------------------+-------+-------+-------++-------
  Melee: War axe           |   103 |   137 |    30 ||   270
  Throw: Boomerang         |    17 |    60 |    23 ||   100
    Use: Scroll            |     3 |     4 |       ||     7
         Potion            |     1 |     1 |       ||     2
 Armour: Scale mail        |    56 |    54 |       ||   110
         Chain mail        |       |    22 |    12 ||    34
  Dodge: Dodged            |    55 |    71 |    15 ||   141
  Block: Buckler           |    29 |    29 |     4 ||    62

Table legend:
 A = Non-vault XP
 B = Vault XP
 C = Vault XP percentage of total XP
 D = Non-vault monster count
 E = Vault monster count
 F = Vault count percentage of total count
                 A         B        C        D         E       F
            +---------+---------+-------+---------+---------+-------
      Total |    1012 |     136 |  11.8 |      76 |      10 |  11.6
            +---------+---------+-------+---------+---------+-------
        D:1 |      43 |       0 |   0.0 |      25 |       0 |   0.0
        D:2 |      50 |       0 |   0.0 |       9 |       0 |   0.0
        D:3 |      37 |       0 |   0.0 |      14 |       0 |   0.0
        D:4 |     187 |      60 |  24.3 |      16 |       7 |  30.4
        D:5 |     492 |      76 |  13.4 |      10 |       3 |  23.1
        D:6 |     203 |       0 |   0.0 |       2 |       0 |   0.0
            +---------+---------+-------+---------+---------+-------
